 Dungeon Sprint DCSS version 0.19.1 (webtiles) character file.

2020 equalderp2856 the Unseen (level 9, -2/41 HPs)
             Began as a Felid Fighter on Dec 8, 2016.
             Was a Priest of Nemelex Xobeh.
             Slain by a demonic crawler (8 damage)
             ... in the Dungeon (Sprint IV: "Fedhas' Mad Dash").
             The game lasted 00:20:52 (4527 turns).

equalderp2856 the Unseen (Felid Fighter)            Turns: 4527, Time: 00:20:53

Health: -2/41      AC:  2    Str: 13    XL:     9   Next: 3%
Magic:  19/19      EV: 24    Int: 12    God:    Nemelex Xobeh [***...]
Gold:   275        SH:  0    Dex: 14    Spells: 3 memorised, 16 levels left
                                        Lives:  0   Deaths: 2

rFire  . . .     SeeInvis +       - Unarmed
rCold  + . .     Gourm    .     (armour unavailable)
rNeg   . . .     Faith    .     (shield unavailable)
rPois  .         Spirit   .     (helmet unavailable)
rElec  .         Reflect  .     (cloak unavailable)
rCorr  +         Harm     .     (gloves unavailable)
MR     +....     NoTele   +     (boots unavailable)
Stlth  ++++++++..               i - amulet of invisibility {+Inv}
                                j - ring of resist corrosion
                                b - ring of protection from cold

@: very slightly contaminated, invisible (expiring), quick
A: no armour, no weapons or thrown items, stealth, claws 1, fangs 3, see
invisible, carnivore 3, clumsy 1, speed 1, shaggy fur 2, slow metabolism 1,
sharp paws
a: Triple Draw, Renounce Religion, Turn Visible


You were in the Dungeon.
You worshipped Nemelex Xobeh.
Nemelex Xobeh was most pleased with you.
You were not hungry.

You visited 1 branch You collected 275 gold pieces.

Inventory:

Jewellery
 b - a ring of protection from cold (left paw)
 i - the amulet of invisibility (around neck) {+Inv}
   (You found it in the Dungeon)

   [amulet of nothing]

   It lets you turn invisible.
 j - a ring of resist corrosion (right paw)
Scrolls
 h - a scroll of blinking
Potions
 a - a potion of might
 e - a potion of haste
 f - 2 potions of magic
 g - 2 potions of berserk rage
 o - a potion of cancellation {unknown}
Books
 n - a book of Cantrips

   Spells                             Type                      Level
   a - Confusing Touch                Hexes                        1
   b - Animate Skeleton               Necromancy                   1
   c - Summon Small Mammal            Summoning                    1
   d - Apportation                    Translocation                1
Miscellaneous
 l - a plain deck of destruction {drawn: 7}
 m - a plain deck of escape
 p - a plain deck of destruction


   Skills:
 + Level 6.2 Fighting
 + Level 9.8 Dodging
 * Level 20.2 Stealth
 + Level 13.8 Unarmed Combat
 + Level 5.7 Spellcasting
 + Level 5.1 Summonings
 + Level 3.9 Invocations
 + Level 12.2 Evocations


You had 16 spell levels left.
You knew the following spells:

 Your Spells              Type           Power        Failure   Level  Hunger
a - Animate Skeleton      Necr           N/A          21%         1    None
b - Summon Small Mammal   Summ           ###.         1%          1    None
c - Confusing Touch       Hex            #.....       21%         1    None


Dungeon Overview and Level Annotations

Branches:
Dungeon (1/1)

Altars:
Cheibriados
Dithmenos
Elyvilon
Gozag
Hepliaklqana
Kikubaaqudgha
Makhleb
Nemelex Xobeh
Okawaru
Qazlal
Ru
Sif Muna
Trog
Uskayaw
Vehumet
Xom
Yredelemnul
Zin
The Shining One
Beogh
Jiyva
Lugonu

Shops:
D :([(=(([[[%:}![[

Annotations:
D exclusion: oklob plant


Innate Abilities, Weirdness & Mutations

You cannot wear armour.
You are incapable of wielding weapons or throwing items.
Your paws allow you to move quietly. (Stealth)
You have sharp claws.
You have razor-sharp teeth.
You have supernaturally acute eyesight. (SInv)
You are carnivorous and can eat meat at any time.
You cover ground quickly.
You are covered in thick fur. (AC +2)
You have a slow metabolism.
Your sharp claws are effective at attacking unaware monsters.
You are clumsy. (Dex -2)


Message History

The spriggan rider closely misses you.
You see here 15 gold pieces.
You open the door.
You flicker for a moment.
The demonic crawler barely misses you. The demonic crawler hits you!
The demonic crawler misses you.
The spriggan rider completely misses you.
The hornet buzzes angrily.
Found 35 gold pieces.
Found three shops.
The hornet buzzes angrily.
The hornet completely misses you. The hornet barely misses you.
Found five shops.
There is an open door here.
The spriggan rider hits you from afar with a spear!!
Ouch! That really hurt!
* * * LOW HITPOINT WARNING * * *
You see here 6 gold pieces.
The demonic crawler hits you!
You die...
Your body glows slightly and disappears.

.......)....P.....(....♣.....∩.∩.
...........y†...#################
##+############## .... ###..#
.... #....+ P... #....# #...##
##$$$$# ##
#....####$$$$$#####∩∩∩#
#......}.$$$$yys@$$∩$∩+
#....}...$$$$i#####∩∩∩#
############### ##


You could see a spriggan rider, a demonic crawler and 2 hornets.

Vanquished Creatures
  A spriggan berserker (D)
  A spriggan druid (D)
  6 oklob plants (D)
  2 demonic crawlers (D)
  3 burning bushes (D)
  3 wandering mushrooms (D)
  A queen bee (D)
  2 hornets (D)
  2 scorpions (D)
  4 killer bees (D)
  5 oklob saplings (D)
  A worker ant (D)
  5 spriggans (D)
  A river rat (D)
  A rat (D)
  A ballistomycete (D)
39 creatures vanquished.

Vanquished Creatures (collateral kills)
  Agnes (D)
  A spriggan defender (D)
  2 spriggans (D)
  2 ballistomycete spores (D)
  A fungus (D)
7 creatures vanquished.

Vanquished Creatures (others)
  A bush (D)
  A fungus (D)
2 creatures vanquished.

Grand Total: 48 creatures vanquished

Notes
Turn   | Place    | Note
-------+----------+-------------------------------------------
     0 | D        | equalderp2856 the Felid Fighter began the quest for the Orb.
     0 | D        | Reached XP level 1. HP: 10/10 MP: 2/2
    11 | D        | Reached skill level 2 in Stealth
    11 | D        | Reached skill level 5 in Unarmed Combat
    11 | D        | Reached XP level 2. HP: 3/14 MP: 3/3
   288 | D        | Noticed an oklob sapling
   290 | D        | Killed an oklob sapling
   290 | D        | Reached skill level 5 in Dodging
   290 | D        | Reached skill level 3 in Stealth
   290 | D        | Reached XP level 3. HP: 18/18 MP: 4/4
   295 | D        | Reached skill level 4 in Stealth
   317 | D        | Found an opulent altar of Gozag.
   317 | D        | Found a hazy altar of Hepliaklqana.
   317 | D        | Found a burning altar of Makhleb.
   317 | D        | Found a roughly hewn altar of Beogh.
   317 | D        | Found a sparkling altar of Nemelex Xobeh.
   317 | D        | Found a snail-covered altar of Cheibriados.
   317 | D        | Found a sacrificial altar of Ru.
   317 | D        | Found a deep blue altar of Sif Muna.
   317 | D        | Found a shimmering altar of Xom.
   317 | D        | Found a basalt altar of Yredelemnul.
   318 | D        | Found a viscous altar of Jiyva.
   318 | D        | Found a bloodstained altar of Trog.
   318 | D        | Noticed an oklob sapling priest
   319 | D        | Found an iron altar of Okawaru.
   319 | D        | Found a shadowy altar of Dithmenos.
   319 | D        | Found a glowing silver altar of Zin.
   320 | D        | Found an ancient bone altar of Kikubaaqudgha.
   320 | D        | Found a hide-covered altar of Uskayaw.
   321 | D        | Found a stormy altar of Qazlal.
   321 | D        | Found a white marble altar of Elyvilon.
   321 | D        | Found a glowing golden altar of the Shining One.
   322 | D        | Found a corrupted altar of Lugonu.
   322 | D        | Found a radiant altar of Vehumet.
   329 | D        | Killed an oklob sapling priest
   329 | D        | Reached skill level 5 in Stealth
   329 | D        | Reached XP level 4. HP: 22/22 MP: 3/5
   437 | D        | Reached skill level 1 in Evocations
   437 | D        | Reached XP level 5. HP: 25/25 MP: 3/6
   604 | D        | Reached skill level 6 in Stealth
   614 | D        | Reached skill level 5 in Fighting
   814 | D        | Reached skill level 7 in Stealth
   832 | D        | Found Fyppy's Antique Armour Shop.
   832 | D        | Found Teumep's Antique Armour Emporium.
   837 | D        | Noticed a burning bush
   837 | D        | Noticed a wandering mushroom
   844 | D        | Noticed a wandering mushroom
   846 | D        | Killed a wandering mushroom
   846 | D        | Reached skill level 9 in Stealth
   846 | D        | Reached skill level 10 in Unarmed Combat
   846 | D        | Gained mutation: You are covered in thick fur. (AC +2) [Felid growth]
   846 | D        | Reached XP level 6. HP: 23/31 MP: 5/10
   848 | D        | Killed a wandering mushroom
   848 | D        | Reached skill level 10 in Stealth
   848 | D        | Reached skill level 5 in Evocations
   848 | D        | Reached XP level 7. HP: 26/34 MP: 5/12
   851 | D        | Reached skill level 11 in Stealth
   872 | D        | Killed a burning bush
   872 | D        | Reached skill level 12 in Stealth
  1168 | D        | Found Sivymufuj's Distillery.
  1168 | D        | Found Ulass's Gadget Shoppe.
  1405 | D        | Noticed a queen bee
  1412 | D        | Killed a queen bee
  1412 | D        | Reached XP level 8. HP: 38/38 MP: 11/14
  1413 | D        | Reached skill level 13 in Stealth
  1440 | D        | Noticed an oklob plant
  1443 | D        | Killed an oklob plant
  1443 | D        | Reached skill level 14 in Stealth
  1602 | D        | Gained mutation: You are clumsy. (Dex -2) [mutagenic glow]
  1798 | D        | Noticed a burning bush
  1808 | D        | HP: 1/38 [burning bush/puff of flame (13)]
  1810 | D        | Killed a burning bush
  1810 | D        | Reached skill level 15 in Stealth
  2151 | D        | Became a worshipper of Nemelex Xobeh the Trickster
  2174 | D        | Noticed a burning bush
  2174 | D        | Noticed an oklob plant
  2178 | D        | Received a gift from Nemelex Xobeh
  2178 | D        | Noticed a wandering mushroom
  2179 | D        | Killed a burning bush
  2179 | D        | Reached XP level 9. HP: 41/41 MP: 13/17
  2184 | D        | Killed an oklob plant
  2184 | D        | Reached skill level 16 in Stealth
  2184 | D        | Reached skill level 10 in Evocations
  2321 | D        | Received a gift from Nemelex Xobeh
  2338 | D        | Noticed a spriggan druid
  2340 | D        | Killed a spriggan druid
  2340 | D        | Reached skill level 17 in Stealth
  2433 | D        | Noticed an oklob plant conjurer
  2435 | D        | Killed an oklob plant conjurer
  2435 | D        | Reached skill level 18 in Stealth
  2447 | D        | Learned a level 1 spell: Animate Skeleton
  2449 | D        | Learned a level 1 spell: Summon Small Mammal
  2451 | D        | Learned a level 1 spell: Confusing Touch
  2470 | D        | Reached * piety under Nemelex Xobeh
  2805 | D        | Noticed an oklob plant
  2805 | D        | Noticed an oklob plant summoner
  2806 | D        | Noticed an oklob plant shifter
  2810 | D        | Killed an oklob plant
  2810 | D        | Reached skill level 1 in Spellcasting
  2810 | D        | Reached skill level 1 in Summonings
  2810 | D        | Reached XP level 10. HP: 45/45 MP: 16/19
  2812 | D        | Killed an oklob plant summoner
  2815 | D        | Killed an oklob plant shifter
  2905 | D        | Received a gift from Nemelex Xobeh
  2905 | D        | Noticed Agnes
  2939 | D        | Killed Agnes
  2939 | D        | Reached skill level 19 in Stealth
  2939 | D        | Reached skill level 1 in Invocations
  2953 | D        | Noticed a spriggan rider
  3052 | D        | Found Ficvyvezorgh's Armour Emporium.
  3052 | D        | Reached ** piety under Nemelex Xobeh
  3056 | D        | Found Juxerodue's Antique Armour Shoppe.
  3110 | D        | Found Ceuwysiw's Food Emporium.
  3110 | D        | Noticed a spriggan berserker
  3124 | D        | Killed a spriggan berserker
  3125 | D        | Received a gift from Nemelex Xobeh
  3129 | D        | Noticed a spriggan rider
  3462 | D        | Reached skill level 5 in Spellcasting
  3531 | D        | Found Epsios's Book Shoppe.
  3536 | D        | Noticed a spriggan defender
  3574 | D        | Killed a spriggan defender
  3574 | D        | Reached skill level 20 in Stealth
  3574 | D        | Reached skill level 5 in Summonings
  3593 | D        | HP: 2/45 [poisoned by a spriggan defender]
  4105 | D        | Noticed a ghost moth
  4307 | D        | Slain by a demonic crawler
  4308 | D        | Reached XP level 9. HP: -1/41 MP: 19/19
  4377 | D        | Killed a demonic crawler
  4377 | D        | Reached XP level 10. HP: 29/45 MP: 20/20
  4510 | D        | HP: 2/45 [poisoned by a ghost moth]
  4510 | D        | Slain by a ghost moth
  4511 | D        | Reached XP level 9. HP: 0/41 MP: 12/19
  4511 | D        | Received a gift from Nemelex Xobeh
  4511 | D        | Reached *** piety under Nemelex Xobeh
  4514 | D        | Noticed an oklob plant shifter
  4517 | D        | Received a gift from Nemelex Xobeh
  4517 | D        | Noticed a demonic crawler
  4518 | D        | Noticed a spriggan rider
  4524 | D        | Found Iketh's Weapon Shoppe.
  4524 | D        | Found Kegecixzyf's Book Shop.
  4524 | D        | Found Wuppusecs's Weapon Shoppe.
  4525 | D        | Found Minyhuc's Antique Weapon Emporium.
  4525 | D        | Found Apext's Armour Boutique.
  4525 | D        | Found Wuydaqosk's Jewellery Emporium.
  4525 | D        | Found Tyzod's Antique Armour Shop.
  4525 | D        | Found Vuts's Weapon Boutique.
  4527 | D        | Slain by a demonic crawler

Skill      XL: |  1  2  3  4  5  6  7  8  9 10 |
---------------+-------------------------------+-----
Stealth        | 2 3 5 9 10 12 15 18 20 | 20.2
Unarmed Combat | 5 6 7 8 10 11 12 13 | 13.8
Dodging        | 5 6 8 9 |  9.8
Fighting       | 4 5 6 |  6.2
Evocations     | 1 4 5 7 9 11 12 | 12.2
Spellcasting   | 1 5 |  5.7
Summonings     | 1 5 |  5.1
Invocations    | 3 |  3.9

Action                   |  1- 3 |  4- 6 |  7- 9 | 10-12 || total
-------------------------+-------+-------+-------+-------++-------
Melee: Unarmed           |    12 |    20 |    53 |    39 ||   124
       Bite              |     2 |     1 |    11 |     5 ||    19
       Punch             |       |       |     2 |     3 ||     5
 Cast: Summon Small Mamm |       |       |     6 |    20 ||    26
 Abil: Evoke Invisibilit |     1 |     4 |    12 |     5 ||    22
Evoke: Deck              |       |       |       |    20 ||    20
  Use: Scroll            |       |       |     2 |     1 ||     3
       Potion            |       |       |     1 |     1 ||     2
 Stab: Sleeping          |     2 |     3 |    14 |     4 ||    23
       Invisible         |       |     1 |     1 |       ||     2
  Eat: Meat ration       |       |       |     1 |       ||     1
       Royal jelly       |       |       |     2 |     1 ||     3
       Chunk             |       |       |       |     2 ||     2
Armor: Skin              |       |     1 |       |       ||     1
Dodge: Dodged            |       |    13 |    20 |    62 ||    95
